 Dungeon Crawl Stone Soup version 0.25.1-2-g60ff931df9 (webtiles) character file.

Game seed: 1501778528088987516

7085 pokeman the Thaumaturge (level 10, -8/56 HPs)
             Began as a Deep Elf Wizard on Nov 7, 2020.
             Was a Believer of Vehumet.
             Killed by divine providence
             ... invoked by an orc priest
              (15 damage)
             ... on level 12 of the Dungeon.
             The game lasted 00:38:29 (12491 turns).

pokeman the Thaumaturge (Deep Elf Wizard)          Turns: 12491, Time: 00:38:29

Health: -8/56      AC: 11    Str:  4    XL:     10   Next: 84%
Magic:  7/29       EV: 13    Int: 27    God:    Vehumet [**....]
Gold:   327        SH:  0    Dex: 13    Spells: 21/35 levels left

rFire    . . .     SeeInvis .   k - +1 dagger (venom)
rCold    . . .     Gourm    .   (no shield)
rNeg     . . .     Faith    .   n - +0 steam dragon scales
rPois    .         Spirit   .   q - -2 helmet (curse)
rElec    .         Reflect  .   J - scarf {repulsion}
rCorr    .         Harm     .   I - +0 pair of gloves
MR       ++...                  x - +0 pair of boots
Stlth    +.........             (no amulet)
HPRegen  0.18/turn              b - ring of protection from magic
MPRegen  0.21/turn              E - +4 ring of protection

@: confused, lethally poisoned (-8 -> -8), repel missiles
A: no striking features
a: Renounce Religion


You were on level 12 of the Dungeon.
You worshipped Vehumet.
Vehumet was pleased with you.
You were not hungry.

You visited 2 branches of the dungeon, and saw 11 of its levels.

You collected 532 gold pieces.
You spent 205 gold pieces at shops.

Inventory:

Hand Weapons
 k - a +1 dagger of venom (weapon)
Missiles
 g - 25 bolts
Armour
 n - +0 steam dragon scales (worn)
 q - a cursed -2 helmet (worn)
 x - a +0 pair of boots (worn)
 C - a +2 helmet of intelligence
 I - a +0 pair of gloves (worn)
 J - a scarf of repulsion (worn)
 P - a +0 kite shield
Jewellery
 b - a ring of protection from magic (left hand)
 j - an uncursed ring of protection from magic
 v - an uncursed ring of protection from cold
 E - a +4 ring of protection (right hand)
Wands
 f - a wand of iceblast (11)
 l - a wand of enslavement (4)
 y - a wand of flame (31)
 B - a wand of paralysis (10)
 F - a wand of random effects (20)
 G - a wand of disintegration (6)
Scrolls
 a - a scroll of immolation
 c - a scroll of magic mapping
 o - 4 scrolls of teleportation
 p - 4 scrolls of remove curse
 r - 5 scrolls of amnesia
 w - a scroll of enchant armour
 A - 2 scrolls of fog {unknown}
 H - a scroll of brand weapon {unknown}
 M - 2 scrolls of blinking
 O - a scroll of enchant weapon
Potions
 e - 2 potions of heal wounds
 h - a potion of haste
 i - a potion of might
 m - 7 potions of curing
 s - a potion of resistance
 t - 2 potions of mutation
 u - 2 potions of magic
 z - 2 potions of brilliance
 D - 3 potions of flight
 K - a potion of ambrosia
 L - a potion of cancellation
 N - a potion of stabbing
Comestibles
 d - 13 rations


   Skills:
 - Level 4.0 Fighting
 - Level 3.0 Armour
 - Level 3.0 Dodging
 - Level 3.0 Stealth
 + Level 1.3 Shields
 * Level 13.0 Spellcasting
 * Level 10.2 Conjurations
 - Level 1.1 Charms
 - Level 1.1 Summonings
 - Level 1.1 Translocations
 + Level 6.9 Fire Magic
 - Level 1.0 Air Magic
 - Level 1.0 Poison Magic
 - Level 1.0 Evocations


You had 21 spell levels left.
You knew the following spells:

 Your Spells              Type           Power        Failure   Level  Hunger
a - Magic Dart            Conj           ####         1%          1    None
b - Mephitic Cloud        Conj/Pois/Air  #####...     1%          3    None
c - Call Imp              Summ           ###.....     3%          2    None
d - Blink                 Tloc           N/A          3%          2    None
e - Conjure Flame         Conj/Fire      ######..     1%          3    None
f - Foxfire               Conj/Fire      ####         1%          1    None
g - Swiftness             Chrm/Air       ###.....     3%          2    None

Your spell library contained the following spells:

 Spells                   Type           Power        Failure   Level  Hunger
 Sting                    Tmut/Pois      ###.         2%          1    None
 Beastly Appendage        Tmut           ###...       3%          1    None
 Poisonous Vapours        Pois/Air       ###...       3%          2    None
 Shroud of Golubria       Chrm/Tloc      ###...       3%          2    None
 Ignite Poison            Fire/Tmut/Pois ####....     3%          3    None
 Passwall                 Tmut/Erth      ###.....     4%          2    None
 Slow                     Hex            ###.....     4%          2    None
 Sticks to Snakes         Tmut           ###.....     4%          2    None
 Gell's Gravitas          Tloc           ###.......   6%          3    None
 Lesser Beckoning         Tloc           ###.......   6%          3    None
 Teleport Other           Tloc           ###.....     6%          3    None
 Spider Form              Tmut/Pois      ###.......   8%          3    None
 Olgreb's Toxic Radiance  Pois           ###.....     21%         4    None
 Passage of Golubria      Tloc           N/A          21%         4    None
 Ice Form                 Ice/Tmut       ###.....     30%         4    None
 Blade Hands              Tmut           ###.......   65%         5    ##.....
 Lee's Rapid Deconstruct  Erth           ###.......   65%         5    ##.....
 Darkness                 Hex            ###.......   99%         6    ####...
 Invisibility             Hex            ###.....     99%         6    ####...


Dungeon Overview and Level Annotations

Branches:
Dungeon (9/15)             Temple (1/1) D:6             Orc (0/2) D:12
   Lair: D:8-11

Altars:
Ashenzari
Cheibriados
Dithmenos
Elyvilon
Fedhas
Gozag
Hepliaklqana
Kikubaaqudgha
Makhleb
Nemelex Xobeh
Okawaru
Qazlal
Ru
Sif Muna
Trog
Uskayaw
Vehumet
Wu Jian
Xom
Yredelemnul
Zin
The Shining One

Shops:
D:5 *   D:7 ?   D:8 !


Message History

The ice beast is almost dead.
You are engulfed in noxious fumes.
You feel sick.
The foxfire hits the worker ant.
The worker ant is almost dead.
A red ugly thing comes into view.
The ice beast misses you. Something hits you!
* * * LOW HITPOINT WARNING * * *
Unknown command.
Unknown command.
Unknown command.
You closely miss something.
You are engulfed in noxious fumes.
You choke on the stench!
You are confused.
Something barely misses you.
The worker ant is engulfed in noxious fumes.
The worker ant appears confused.
The ice beast hits you but does no damage.
The orc priest invokes the aid of Beogh against you.
Beogh smites you!
You die...

,,,* ##...#..##..#....,,*
,,**##....##.†..†......,*
,,###......#.y†.......,,*
,,..........)...)?.>..,,**
*,....................,,,**
*,....................,,,,*
,,.....o......oa).###.,,,**
,,........o....○☼..#,,*,,*
,,.......#†...e§@.##,,*,**
,,............TY§.....#**
,,........(...........#
,,..............##...##
,,.......o..(.c..##..#
,,...................#
,,......†.#...%.....u#**
,,......###.......##..,*
,,......,,#......##,,***


You could see a red ugly thing, a deep elf mage, a troll, an orc warrior
(confused), an ice beast, a centaur (confused), a worker ant (confused), a
killer bee and 2 orc priests.

Vanquished Creatures
  The ghost of soggyman666 the Cleaver, a novice MiFi of Trog (D:8)
  The ghost of solopath the Frost Mage, a novice BaIE (D:6)
  The ghost of maxfaust the Skirmisher, a novice GrFi of Okawaru (D:6)
  An orange demon (D:9)
  An ice statue (D:8)
  Maggie (D:8)
  A gargoyle (D:12)
  A hippogriff (D:9)
  A spriggan (D:8)
  Grum (D:8)
  Eustachio (D:6)
  Edmund (D:5)
  Duvessa (D:4)
  A sky beast (D:8)
  An ice beast (D:6)
  2 orc warriors
  A black bear (D:4)
  5 ogres
  4 wolves (D:8)
  4 centaurs
  A crocodile (D:7)
  A big kobold (D:7)
  6 bullfrogs
  A gnoll sergeant (D:8)
  5 scorpions
  Dowan (D:4)
  3 killer bees (D:12)
  A howler monkey (D:3)
  A crimson imp (D:5)
  4 hounds
  A centaur zombie (D:5)
  Crazy Yiuf (D:4)
  5 orc wizards
  A centaur skeleton (D:4)
  5 orc priests
  4 bullfrog skeletons
  An iron imp (D:9)
  An iguana (D:9)
  Natasha (thrice) (D:4)
  5 worker ants
  A hound skeleton (D:8)
  A worker ant zombie (D:5)
  14 gnolls
  A howler monkey skeleton (D:5)
  14 adders
  3 shadow imps
  4 worms
  3 adder skeletons
  6 dart slugs
  6 leopard geckos
  39 orcs
  2 giant cockroaches
  6 hobgoblins
  5 jackals
  4 quokkas
  2 ball pythons (D:4)
  9 bats
  7 frilled lizards
  4 goblins
  A jackal skeleton (D:4)
  6 kobolds
  A leopard gecko skeleton (D:4)
  2 quokka skeletons
  A quokka zombie (D:8)
  4 rats
228 creatures vanquished.

Vanquished Creatures (collateral kills)
  2 killer bees (D:12)
  An adder (D:9)
3 creatures vanquished.

Vanquished Creatures (others)
  An acid dragon (D:12)
  A quokka (D:12)
  37 foxfires
  3 withered plants (D:6)
42 creatures vanquished.

Grand Total: 273 creatures vanquished

Notes
Turn   | Place    | Note
-------+----------+-------------------------------------------
     0 | D:1      | pokeman the Deep Elf Wizard began the quest for the Orb.
     0 | D:1      | Reached XP level 1. HP: 10/10 MP: 7/7
   283 | D:1      | Reached XP level 2. HP: 15/15 MP: 6/9
   974 | D:2      | Reached skill level 5 in Spellcasting
   974 | D:2      | Reached XP level 3. HP: 17/20 MP: 1/11
   992 | D:2      | Learned a level 3 spell: Mephitic Cloud
   995 | D:2      | Learned a level 2 spell: Call Imp
   998 | D:2      | Learned a level 2 spell: Blink
  1002 | D:2      | Learned a level 3 spell: Conjure Flame
  1269 | D:2      | Reached skill level 1 in Fighting
  1438 | D:2      | Reached skill level 1 in Armour
  1921 | D:2      | Reached XP level 4. HP: 25/25 MP: 10/13
  2674 | D:3      | Found a bloodstained altar of Trog.
  2872 | D:3      | Reached skill level 6 in Spellcasting
  2872 | D:3      | Reached XP level 5. HP: 26/29 MP: 11/15
  3107 | D:3      | Reached skill level 1 in Poison Magic
  3172 | D:3      | Reached skill level 1 in Fire Magic
  3215 | D:3      | Found a basalt altar of Yredelemnul.
  3480 | D:4      | Learned a level 2 spell: Swiftness
  3511 | D:4      | Noticed an ogre
  3876 | D:4      | Reached skill level 1 in Charms
  3996 | D:4      | Noticed Natasha
  4006 | D:4      | Killed Natasha
  4006 | D:4      | Reached XP level 6. HP: 31/34 MP: 8/17
  4008 | D:4      | Reached skill level 1 in Air Magic
  4168 | D:4      | Reached skill level 7 in Spellcasting
  4374 | D:4      | Noticed Duvessa
  4375 | D:4      | Noticed Dowan
  4383 | D:4      | Killed Dowan
  4383 | D:4      | Reached XP level 7. HP: 35/38 MP: 15/19
  4395 | D:4      | Killed Duvessa
  4627 | D:4      | Found a runed translucent door.
  4628 | D:4      | Noticed Crazy Yiuf
  4637 | D:4      | Killed Crazy Yiuf
  4722 | D:4      | Reached skill level 8 in Spellcasting
  4756 | D:4      | Noticed Natasha
  4764 | D:4      | Killed Natasha
  5118 | D:4      | Reached skill level 5 in Conjurations
  5367 | D:4      | Noticed Natasha
  5375 | D:4      | Killed Natasha
  5537 | D:5      | Entered Level 5 of the Dungeon
  5549 | D:5      | Reached XP level 8. HP: 44/44 MP: 17/22
  5699 | D:5      | Found Qukueh's General Store.
  5702 | D:5      | Bought a potion of curing for 39 gold pieces
  5702 | D:5      | Bought a scroll of noise for 13 gold pieces
  5777 | D:5      | Noticed Edmund
  5800 | D:5      | Killed Edmund
  5933 | D:5      | Reached skill level 1 in Evocations
  6319 | D:5      | Reached skill level 9 in Spellcasting
  7995 | D:6      | Noticed Eustachio
  8008 | D:6      | Killed Eustachio
  8008 | D:6      | Reached skill level 10 in Spellcasting
  8008 | D:6      | Reached XP level 9. HP: 45/48 MP: 19/25
  8142 | D:6      | Found a staircase to the Ecumenical Temple.
  8151 | Temple   | Entered the Ecumenical Temple
  8253 | Temple   | Became a worshipper of Vehumet
  8590 | D:6      | Found a runed translucent gate.
  8591 | D:6      | Found a runed translucent gate.
  8592 | D:6      | Found a runed translucent gate.
  8593 | D:6      | Noticed maxfaust's ghost (novice GrFi)
  8594 | D:6      | Noticed solopath's ghost (novice BaIE)
  8921 | D:6      | Killed maxfaust's ghost
  8951 | D:6      | Killed solopath's ghost
  8951 | D:6      | Reached skill level 5 in Fire Magic
  9311 | D:7      | Reached skill level 11 in Spellcasting
  9570 | D:7      | Found Bum Doa's Magic Scroll Emporium.
  9744 | D:7      | Bought a scroll of blinking for 105 gold pieces
  9965 | D:8      | Reached * piety under Vehumet
  9965 | D:8      | Offered knowledge of Sandblast by Vehumet.
  9982 | D:8      | Found a runed translucent door.
  9982 | D:8      | Noticed soggyman666's ghost (novice MiFi)
  9992 | D:8      | Lost strength.
 10267 | D:8      | Noticed Maggie
 10303 | D:8      | Killed Maggie
 10303 | D:8      | Reached XP level 10. HP: 54/56 MP: 14/27
 10449 | D:8      | Found Ablas's Distillery.
 10524 | D:8      | Noticed Grum
 10548 | D:8      | Killed Grum
 10548 | D:8      | Reached skill level 12 in Spellcasting
 10646 | D:8      | Bought a potion of degeneration for 12 gold pieces
 10646 | D:8      | Bought a potion of flight for 36 gold pieces
 11185 | D:8      | Noticed an ice statue
 11253 | D:8      | Killed an ice statue
 11424 | D:8      | Killed soggyman666's ghost
 12079 | D:9      | Reached ** piety under Vehumet
 12110 | D:9      | Offered knowledge of Foxfire by Vehumet.
 12113 | D:9      | Learned a level 1 spell: Foxfire
 12228 | D:9      | Noticed a rust devil
 12229 | D:9      | Found an ancient bone altar of Kikubaaqudgha.
 12229 | D:9      | Noticed a rust devil
 12230 | D:9      | Noticed an orange demon
 12260 | D:9      | Killed an orange demon
 12260 | D:9      | Reached skill level 1 in Shields
 12260 | D:9      | Reached skill level 10 in Conjurations
 12459 | D:9      | You fall into a shaft and drop 3 floors!
 12460 | D:12     | Noticed a gargoyle
 12464 | D:12     | Killed a gargoyle
 12464 | D:12     | Reached skill level 13 in Spellcasting
 12479 | D:12     | Noticed a deep elf mage
 12482 | D:12     | Found a staircase to the Orcish Mines.
 12490 | D:12     | Noticed a red ugly thing
 12491 | D:12     | Killed from afar by an orc priest

Illustrated notes

Levels and vault maps discovered:
D:1:      dpeg_arrival_pond, layout_loops_ring, minmay_door_square
D:2:      layout_loops_ring, first_ration, serial_bayou_pond_d
D:3:      layout_basic, old_standard_altar, bloody_trog
D:4:      layout_basic, minmay_divided_ellipse, uniq_natasha, uniq_duvessa,
          uniq_crazy_yiuf_cottage
D:5:      layout_loops_corners, serial_shops, kennysheep_mini_moat, uniq_edmund
D:6:      minmay_chambers_of_threes, layout_basic, minmay_temple_entry_mist,
          gammafunk_ghost_cemetery, uniq_eustachio
D:7:      layout_basic, serial_shops, nicolae_shop_competitors_out_of_business
D:8:      lemuel_ice_statue, layout_cave_pools, serial_shops, shop,
          hellmonk_ghost_happy_afterlife, the_bakery, uniq_maggie, uniq_grum
D:9:      layout_roguey, lemuel_hellish_altar
D:12:     layout_cave_pools, orc_0_dummy, portal_ice_cave_entry_ice_beasts,
          wad_woods_river_04, uniq_azrael
Temple:   kilobyte_greek_temple

Skill      XL: |  1  2  3  4  5  6  7  8  9 10 |
---------------+-------------------------------+-----
Spellcasting   | 5 6 7 8 10 11 13 | 13.0
Fighting       | 1 2 3 4 |  4.0
Armour         | 1 2 3 |  3.0
Conjurations   | 2 3 4 5 6 8 10 | 10.2
Dodging        | 3 |  3.0
Stealth        | 3 |  3.0
Poison Magic   | 1 |  1.0
Fire Magic     | 1 3 4 5 6 |  6.9
Charms         | 1 |  1.1
Air Magic      | 1 |  1.0
Evocations     | 1 |  1.0
Shields        | 1 |  1.3
Summonings     | |  1.1
Translocations | |  1.1

Action                   |  1- 3 |  4- 6 |  7- 9 | 10-12 || total
-------------------------+-------+-------+-------+-------++-------
Melee: Dagger            |    11 |    30 |   129 |    75 ||   245
 Cast: Magic Dart        |    89 |   116 |   234 |   129 ||   568
       Conjure Flame     |       |     1 |    18 |     8 ||    27
       Blink             |       |     4 |     3 |    10 ||    17
       Mephitic Cloud    |       |     6 |    30 |    20 ||    56
       Call Imp          |       |       |     9 |     7 ||    16
       Foxfire           |       |       |       |    21 ||    21
Evoke: Wand              |       |       |    12 |    33 ||    45
  Use: Potion            |       |     1 |       |       ||     1
       Scroll            |       |       |     7 |    11 ||    18
 Stab: Sleeping          |     1 |       |       |       ||     1
       Confused          |       |     4 |    14 |    10 ||    28
  Eat: Chunk             |     3 |     7 |    18 |     7 ||    35
Armor: Robe              |    11 |       |       |       ||    11
       Leather armour    |     1 |    13 |    45 |     4 ||    63
       Steam dragon scal |       |       |       |    24 ||    24
Dodge: Dodged            |    22 |    29 |   106 |    80 ||   237
       Repelled          |       |       |     8 |     4 ||    12
